Map: Восточный дозор РВ

Players

Lambo

  • Race: Zerg Zerg
  • Spawn Location: 1:00

Elazer - Winner!

  • Race: Zerg Zerg
  • Spawn Location: 7:00

Event: WESG 2017 Haikou

VOD

Have the link to the VOD?

Description

Time

  • Played on: March 15, 2018, 10:42 p.m.
  • Length: 7:35

All games in this series

Show
View Real Time Build Order
Export as new Build Order

Lambo Zerg 

Build Orders: Hatch First 

Get SALT Encoding   

  12  0:01  Drone  
  13  0:13  Overlord  
  13  0:17  Drone  
  14  0:31  Drone x2  
  14  0:35  Drone  
  17  0:51  Hatchery  
  17  0:55  Drone  
  17  0:58  Drone  
  18  1:09  Extractor  
  17  1:13  Spawning Pool  
  17  1:16  Drone  
  17  1:20  Drone  
  18  1:28  Drone  
  19  1:42  Overlord  
  19  1:52  Drone  
  20  1:59  Queen  
  20  2:01  Zergling x2  
  23  2:03  Queen, Zergling x2  
  26  2:08  Metabolic Boost  
  26  2:11  Drone  
  26  2:14  Drone  
  29  2:22  Drone  
  29  2:30  Drone  
  29  2:36  Baneling Nest  
  29  2:38  Queen  
  29  2:39  Overlord  
  29  2:43  Zergling x2  
  32  2:48  Drone  
  32  2:49  Overlord  
  33  2:56  Drone  
  34  3:01  Zergling x2  
  35  3:09  Zergling x4  
  35  3:10  Zergling x4  
  38  3:18  Zergling x8  
  42  3:21  Baneling x3  
  41  3:34  Drone  
  41  3:37  Drone x2  
  43  3:46  Drone, Lair  
  44  3:54  Overlord  
  44  3:55  Overlord  
  42  4:03  Drone x2  
  44  4:13  Drone x4  
  44  4:14  Drone  
  44  4:16  Drone  
  50  4:19  Extractor, Drone x3  
  50  4:22  Extractor  
  50  4:23  Extractor  
  50  4:24  Drone  
  51  4:27  Drone  
  51  4:42  Drone x2  
  51  4:44  Hatchery  
  51  4:49  Drone x2  
  53  4:56  Zergling x10  
  58  5:04  Zergling x2  
  57  5:07  Zergling x2  
  57  5:11  Baneling x2  
  57  5:13  Zergling x2  
  59  5:15  Overlord  
  59  5:16  Spire  
  51  5:42  Zergling x2  
  51  5:43  Zergling x16  
  51  5:46  Baneling x2  
  58  5:50  Hatchery  
  58  5:55  Zergling x8  
  61  5:58  Zergling x2  
  61  6:02  Baneling  
  61  6:03  Baneling x2  
  61  6:08  Zergling x2  
  61  6:11  Zergling x2  
  32  6:34  Mutalisk x6  
  32  6:38  Mutalisk  
  46  6:40  Queen  
  46  6:42  Mutalisk  
  46  6:45  Mutalisk  
  52  6:49  Baneling  
  52  6:53  Zergling x4  
  54  6:58  Mutalisk  
  56  7:02  Zergling x2  
  56  7:06  Zergling x2  
  58  7:09  Baneling x2  
Show
View Real Time Build Order
Export as new Build Order

Elazer Zerg - Winner!

Build Orders: Pool First 

Get SALT Encoding   

  12  0:00  Drone  
  13  0:12  Overlord  
  13  0:16  Drone  
  14  0:30  Drone x2  
  14  0:34  Drone  
  17  0:44  Extractor, Drone  
  17  0:49  Spawning Pool  
  16  0:55  Drone  
  17  1:06  Drone  
  18  1:19  Hatchery  
  18  1:22  Drone  
  18  1:36  Queen  
  18  1:37  Zergling x2  
  21  1:40  Zergling x2  
  21  1:46  Metabolic Boost  
  22  1:54  Overlord  
  22  2:13  Queen  
  22  2:14  Baneling Nest  
  23  2:16  Zergling x4  
  23  2:21  Zergling x2  
  26  2:32  Drone  
  26  2:34  Zergling x2  
  28  2:44  Zergling x8  
  28  2:48  Drone  
  33  2:58  Drone  
  34  2:59  Baneling x4  
  34  3:01  Overlord  
  33  3:10  Drone  
  34  3:16  Overlord  
  34  3:18  Drone x2  
  36  3:20  Drone  
  37  3:27  Drone x2  
  37  3:32  Drone  
  37  3:33  Drone  
  41  3:36  Overlord  
  41  3:47  Drone x2  
  43  3:55  Overlord  
  43  3:58  Drone  
  43  4:01  Drone  
  45  4:04  Lair  
  45  4:08  Drone  
  46  4:15  Hatchery  
  45  4:19  Drone x2  
  45  4:21  Drone  
  45  4:22  Extractor  
  47  4:25  Overlord  
  47  4:33  Drone, Roach Warren  
  47  4:34  Drone  
  47  4:38  Extractor  
  47  4:40  Drone x2  
  47  4:43  Overlord  
  47  4:44  Drone  
  50  4:45  Drone  
  50  4:47  Drone  
  50  4:49  Overlord  
  50  4:50  Extractor  
  50  4:51  Drone x2  
  53  4:53  Zergling x2  
  52  5:10  Zergling x8  
  55  5:15  Overlord  
  55  5:16  Zergling x8  
  57  5:23  Zergling x4  
  59  5:32  Zergling x6  
  60  5:37  Spire  
  60  5:38  Overlord  
  60  5:39  Zergling x4  
  60  5:40  Baneling x2  
  59  5:44  Queen  
  59  5:45  Overlord  
  59  5:47  Zergling x4  
  59  5:49  Extractor x2, Baneling  
  60  5:50  Baneling x3  
  60  5:51  Zergling x4  
  60  5:53  Zergling x2  
  63  5:59  Drone x3  
  63  6:00  Drone  
  63  6:03  Drone, Baneling  
  63  6:04  Baneling  
  66  6:05  Drone  
  60  6:25  Zergling x12  
  51  6:26  Zergling x2  
  51  6:28  Zergling x2  
  51  6:29  Zergling x6  
  58  6:35  Zergling x4  
  58  6:38  Zergling x2  
  58  6:48  Mutalisk x2  
  58  6:51  Mutalisk x2  
  66  6:55  Mutalisk  
  68  7:01  Mutalisk  
  68  7:04  Mutalisk  
  72  7:11  Mutalisk  
Tags
 
Add a new tag
Caveats
  • Supply blocks, unpowered buildings, or Contaminate may cause inaccurate times.
  • Supply counts are checked every 10 seconds.